cohdb
Replays
Latest Replays
All Replays
Popular Replays
Top Player Replays
Match Explorer
How It Works
Community
CoH3 Stats
Reddit
Sign in to upload your games and track your stats! →
Sign in with Steam
Match 42998444
Unlisted
Match 42998444
Overview
Messages
Build Orders
End
Kradschützen Motorcycle Team
Panzergrenadier Squad
250 Light Carrier
Construct Light Support Kompanie
Selects Panzerjäger Kommand Battlegroup
Selects Mine Fields
Combat Half-tracks
Selects GrB 39 Grenade Launcher Requisition
250 Light Carrier
Fire Support Elements
Panzergrenadier Squad
Panzerjäger Mechanized Group
Construct Mechanized Kompanie
Pak 38 Anti-tank Gun Team
Selects Defensive Positions
MG34 Team
Vehicle Survival Package
Construct Panzerarmee Kommand
MG34 Team
Selects Butterfly Bomb Drop
Butterfly Bomb Drop
Pak 38 Mechanized Group
Walking Stuka Rocket Launcher
Etgo
Hk
Jarkke
NoF^kingXiaoHaoZi
户山楽奈aoki_hina
嗨呀是我高菌吗
0
0
Comments
sign in to comment!
No comments posted yet!